cohdb
Replays
Latest Replays
All Replays
Popular Replays
Top Player Replays
Match Explorer
How It Works
Community
CoH3 Stats
Reddit
Sign in to upload your games and track your stats! →
Sign in with Steam
Match 41916771
Unlisted
Match 41916771
Overview
Messages
Build Orders
End
Panzerpioneer Squad
Panzerpioneer Squad
Selects Italian Infantry
250 Light Carrier
Panzerpioneer Squad
Construct Light Support Kompanie
2.5-tonne Medical Truck
MG34 Team
Fire Support Elements
Assault Mechanized Group
Flakvierling Half-track
Selects Guastatori Squad
Selects Defensive Operations
Guastatori Squad
Veteran Squad Leaders
Combat Half-tracks
Pak 38 Mechanized Group
Guastatori Squad
Construct Panzerarmee Kommand
Selects Prepared Positions
Selects Obice 305mm Barrage
Obice 305mm Barrage
Armored Reserves
UH|dun! ツ
IntotheContent
Lee Mao
Агент Ганзы
Чердак
писюня
0
0
Comments
sign in to comment!
No comments posted yet!